TOP OF THE 1ST |
Sioux Falls Red Pandas batting - Pitching for Santa Barbara Golden Cranes : RHP José Guillén
|
Pitching: RHP José Guillén
|
|
Batting: SHB Raúl Duarte
|
0-0: Foul Ball, location: 2F 0-1: Hit by Pitch
|
Batting: RHB Hieu De
|
0-0: Ball 1-0: Called Strike 1-1: Ball 2-1: Foul Ball, location: 2F 2-2: Ball 3-2: Ground out 3-1 (Groundball, 34S) Raúl Duarte to second
|
Batting: LHB Fa-tang Wang
|
0-0: Ball 1-0: Ball 2-0: Ground out 4-3 (Groundball, 4) Raúl Duarte to third
|
Batting: LHB John Brewer
|
0-0: Ball 1-0: Ball 2-0: Ball 3-0: Base on Balls
|
Batting: LHB Magali Lenidas
|
0-0: Ball 1-0: Ball 2-0: Ball 3-0: Base on Balls John Brewer to second
|
Batting: RHB Rudko Hrnjak
|
0-0: Swinging Strike 0-1: Called Strike 0-2: Ball 1-2: Ball 2-2: Strikes out swinging
|
Top of the 1st over - 0 runs, 0 hits, 0 errors, 3 left on base; Sioux Falls 0 - Santa Barbara 0 |
BOTTOM OF THE 1ST |
Santa Barbara Golden Cranes batting - Pitching for Sioux Falls Red Pandas : RHP Oliver Huerta
|
Pitching: RHP Oliver Huerta
|
|
Batting: LHB Manny Rosário
|
0-0: Ball 1-0: Called Strike 1-1: Ball 2-1: SINGLE (Line Drive, 34D)
|
Batting: RHB Ed St. James
|
0-0: Ball 1-0: Called Strike Manny Rosário steals 2nd base 1-1: Called Strike 1-2: Strikes out swinging, 2-3 out at first.
|
Batting: RHB Gilbert Graham
|
0-0: Swinging Strike 0-1: Ball 1-1: Ball 2-1: Ball 3-1: SINGLE (Line Drive, 7S) Manny Rosário to third Runner from 3rd tries for Home, SAFE, no throw
|
Batting: LHB Sixto Álvarez
|
0-0: Called Strike 0-1: Ball Gilbert Graham steals 2nd base 1-1: Foul Ball, location: 2F 1-2: Ball 2-2: Ball 3-2: Foul Ball, location: 2F 3-2: Fly out, F9 (Flyball, 9LS)
|
Batting: RHB James Pike
|
0-0: Ground out 5-3 (Groundball, 56)
|
Bottom of the 1st over - 1 run, 2 hits, 0 errors, 1 left on base; Sioux Falls 0 - Santa Barbara 1 |
TOP OF THE 2ND |
Sioux Falls Red Pandas batting - Pitching for Santa Barbara Golden Cranes : RHP José Guillén
|
Batting: RHB Jay Parker
|
0-0: Called Strike 0-1: Foul Ball, location: 2F 0-2: Ball 1-2: Foul Ball, location: 2F 1-2: Fly out, F8 (Flyball, 8RS)
|
Batting: RHB Russell Jackson
|
0-0: Ball 1-0: Foul Ball, location: 2F 1-1: Ball 2-1: Foul Ball, location: 2F 2-2: Foul Ball, location: 2F 2-2: Ball 3-2: Foul Ball, location: 2F 3-2: Foul Ball, location: 2F 3-2: Foul Ball, location: 2F 3-2: Foul Ball, location: 2F 3-2: Foul Ball, location: 2F 3-2: Base on Balls
|
Batting: RHB Willis Kirkendall
|
0-0: Foul Ball, location: 2F 0-1: Ball 1-1: Ball 2-1: Called Strike 2-2: Ball 3-2: Foul Ball, location: 2F 3-2: Strikes out swinging Russell Jackson is caught stealing 2nd base Batter strikes out.
|
Top of the 2nd over - 0 runs, 0 hits, 0 errors, 0 left on base; Sioux Falls 0 - Santa Barbara 1 |
BOTTOM OF THE 2ND |
Santa Barbara Golden Cranes batting - Pitching for Sioux Falls Red Pandas : RHP Oliver Huerta
|
Batting: RHB John Aston
|
0-0: Ball 1-0: Ball 2-0: Called Strike 2-1: Fly out, F4 (Line Drive, 4)
|
Batting: RHB Héctor Moreno
|
0-0: Ball 1-0: Ball 2-0: Ball 3-0: Called Strike 3-1: Base on Balls
|
Batting: RHB Salvador Noriega
|
0-0: Called Strike 0-1: Ball 1-1: SINGLE (Line Drive, 78M) Héctor Moreno to second
|
Batting: RHB Christian Turner
|
0-0: Ball 1-0: Called Strike 1-1: Ball 2-1: Grounds into double play, 6-4-3 (Groundball, 6)
|
Bottom of the 2nd over - 0 runs, 1 hit, 0 errors, 1 left on base; Sioux Falls 0 - Santa Barbara 1 |
TOP OF THE 3RD |
Sioux Falls Red Pandas batting - Pitching for Santa Barbara Golden Cranes : RHP José Guillén
|
Batting: SHB Raúl Duarte
|
0-0: Ball 1-0: Ball 2-0: Called Strike 2-1: Foul Ball, location: 2F 2-2: Ball 3-2: Ground out 3-1 (Groundball, 34S)
|
Batting: RHB Hieu De
|
0-0: Foul Ball, location: 2F 0-1: Ball 1-1: Foul Ball, location: 2F 1-2: Foul Ball, location: 2F 1-2: Fly out, F7 (Flyball, 7LSF)
|
Batting: LHB Fa-tang Wang
|
0-0: Ball 1-0: Called Strike 1-1: Ball 2-1: DOUBLE (Line Drive, 9LD)
|
Batting: LHB John Brewer
|
0-0: Ball 1-0: Called Strike 1-1: Called Strike 1-2: Fly out, F9 (Flyball, 89M)
|
Top of the 3rd over - 0 runs, 1 hit, 0 errors, 1 left on base; Sioux Falls 0 - Santa Barbara 1 |
BOTTOM OF THE 3RD |
Santa Barbara Golden Cranes batting - Pitching for Sioux Falls Red Pandas : RHP Oliver Huerta
|
Batting: LHB Manny Rosário
|
0-0: Ball 1-0: Called Strike 1-1: Foul Ball, location: 2F 1-2: Ball 2-2: Ball 3-2: Foul Ball, location: 2F 3-2: Base on Balls
|
Pitching: RHP Don Miller
|
|
Batting: RHB Ed St. James
|
0-0: Foul Ball, location: 2F 0-1: Ball 1-1: SINGLE (Line Drive, 7S) Manny Rosário to second
|
Batting: RHB Gilbert Graham
|
0-0: Foul Ball, location: 2F 0-1: Ball Manny Rosário steals 3rd base 1-1: Swinging Strike 1-2: Foul Ball, location: 2F 1-2: Ball 2-2: Ball 3-2: Grounds into double play, 6-4-3 (Groundball, 6M) Manny Rosário scores
|
Batting: LHB Sixto Álvarez
|
0-0: Ball 1-0: Called Strike 1-1: Ball 2-1: SINGLE (Groundball, 34D)
|
Batting: RHB James Pike
|
0-0: Foul Ball, location: 2F 0-1: Foul Ball, location: 2F 0-2: Fielders Choice at 2nd, 5-4 (Groundball, 5)
|
Bottom of the 3rd over - 1 run, 2 hits, 0 errors, 1 left on base; Sioux Falls 0 - Santa Barbara 2 |
TOP OF THE 4TH |
Sioux Falls Red Pandas batting - Pitching for Santa Barbara Golden Cranes : RHP José Guillén
|
Batting: LHB Magali Lenidas
|
0-0: Ball 1-0: Ball 2-0: Foul Ball, location: 2F 2-1: Swinging Strike 2-2: Strikes out swinging
|
Batting: RHB Rudko Hrnjak
|
0-0: Ground out 4-3 (Groundball, 4)
|
Batting: RHB Jay Parker
|
0-0: Ball 1-0: Foul Ball, location: 2F 1-1: Foul Ball, location: 2F 1-2: SINGLE (Flyball, 89S)
|
Batting: RHB Russell Jackson
|
0-0: Foul Ball, location: 2F 0-1: Ball 1-1: Fly out, F7 (Line Drive, 7)
|
Top of the 4th over - 0 runs, 1 hit, 0 errors, 1 left on base; Sioux Falls 0 - Santa Barbara 2 |
BOTTOM OF THE 4TH |
Santa Barbara Golden Cranes batting - Pitching for Sioux Falls Red Pandas : RHP Don Miller
|
Batting: RHB John Aston
|
0-0: Called Strike 0-1: Called Strike 0-2: Strikes out swinging, 2-3 out at first.
|
Batting: RHB Héctor Moreno
|
0-0: Swinging Strike 0-1: Ball 1-1: Ball 2-1: Swinging Strike 2-2: Foul Ball, location: 2F 2-2: Ball 3-2: Base on Balls
|
Batting: RHB Salvador Noriega
|
0-0: Ball 1-0: Ball 2-0: Fielders Choice at 2nd, 3-6 (Groundball, 3)
|
Pitching: RHP Olivier Carlier
|
|
Batting: RHB Christian Turner
|
0-0: Ball Salvador Noriega is caught stealing 2nd base
|
Bottom of the 4th over - 0 runs, 0 hits, 0 errors, 0 left on base; Sioux Falls 0 - Santa Barbara 2 |
TOP OF THE 5TH |
Sioux Falls Red Pandas batting - Pitching for Santa Barbara Golden Cranes : RHP José Guillén
|
Batting: RHB Willis Kirkendall
|
0-0: Fly out, F6 (Flyball, 6MD)
|
Batting: SHB Raúl Duarte
|
0-0: Foul Ball, location: 2F 0-1: Ball 1-1: Ball 2-1: Foul Ball, location: 2F 2-2: Ball 3-2: SINGLE (Line Drive, 9LS)
|
Batting: RHB Hieu De
|
0-0: Called Strike 0-1: Ball 1-1: Ball 2-1: Ball 3-1: Base on Balls Raúl Duarte to second
|
Batting: LHB Fa-tang Wang
|
0-0: Ball Raúl Duarte steals 3rd base Hieu De to second 1-0: Swinging Strike 1-1: Swinging Strike 1-2: Ball 2-2: Ball 3-2: Strikes out swinging
|
Batting: LHB John Brewer
|
0-0: Ball 1-0: Foul Ball, location: 2F 1-1: Ball 2-1: Swinging Strike 2-2: Ball 3-2: Base on Balls
|
Batting: LHB Magali Lenidas
|
0-0: Foul Ball, location: 2F 0-1: Foul Ball, location: 2F 0-2: Ball 1-2: Ball 2-2: Ball 3-2: Ground out 4-3 (Groundball, 4)
|
Top of the 5th over - 0 runs, 1 hit, 0 errors, 3 left on base; Sioux Falls 0 - Santa Barbara 2 |
BOTTOM OF THE 5TH |
Santa Barbara Golden Cranes batting - Pitching for Sioux Falls Red Pandas : RHP Olivier Carlier
|
Batting: RHB Christian Turner
|
0-0: Swinging Strike 0-1: Fly out, F4 (Popup, 13)
|
Batting: LHB Manny Rosário
|
0-0: Ball 1-0: Called Strike 1-1: Ball 2-1: Ground out 3-1 (Groundball, 34S)
|
Batting: RHB Ed St. James
|
0-0: Swinging Strike 0-1: Ground out 4-3 (Groundball, 4M)
|
Bottom of the 5th over - 0 runs, 0 hits, 0 errors, 0 left on base; Sioux Falls 0 - Santa Barbara 2 |
TOP OF THE 6TH |
Sioux Falls Red Pandas batting - Pitching for Santa Barbara Golden Cranes : RHP José Guillén
|
Batting: RHB Rudko Hrnjak
|
0-0: Called Strike 0-1: Reached on error, E5 (Groundball, 56S)
|
Batting: RHB Jay Parker
|
0-0: Called Strike 0-1: Ball 1-1: Ball 2-1: Grounds into double play, 6-4-3 (Groundball, 6)
|
Batting: RHB Russell Jackson
|
0-0: Ball 1-0: Ball 2-0: Fly out, F8 (Flyball, 8LS)
|
Top of the 6th over - 0 runs, 0 hits, 1 error, 0 left on base; Sioux Falls 0 - Santa Barbara 2 |
BOTTOM OF THE 6TH |
Santa Barbara Golden Cranes batting - Pitching for Sioux Falls Red Pandas : RHP Olivier Carlier
|
Batting: RHB Gilbert Graham
|
0-0: Ball 1-0: Ball 2-0: Foul Ball, location: 2F 2-1: Foul Ball, location: 2F 2-2: Strikes out swinging
|
Batting: LHB Sixto Álvarez
|
0-0: Ball 1-0: Foul Ball, location: 2F 1-1: Ball 2-1: Foul Ball, location: 2F 2-2: Foul Ball, location: 2F 2-2: Ball 3-2: Reached on error, E6 (Groundball, 6)
|
Batting: RHB James Pike
|
0-0: SINGLE (Line Drive, 78S) Sixto Álvarez to third Runner from 3rd tries for Home, SAFE, no throw
|
Batting: RHB John Aston
|
0-0: Called Strike James Pike steals 2nd base 0-1: Ball 1-1: Ball James Pike steals 3rd base 2-1: Ball 3-1: Base on Balls
|
Batting: RHB Héctor Moreno
|
0-0: Ball 1-0: Ball 2-0: Swinging Strike 2-1: Ball 3-1: Base on Balls John Aston to second
|
Pitching: LHP Adrian Neumann
|
|
Batting: RHB Salvador Noriega
|
0-0: SINGLE (Groundball, 56) James Pike scores John Aston to third Héctor Moreno to second Runner from 3rd tries for Home, SAFE, throw made home
|
Batting: RHB Christian Turner
|
0-0: Ball 1-0: Ball 2-0: Ball 3-0: Base on Balls Héctor Moreno to third Salvador Noriega to second
|
Batting: LHB Manny Rosário
|
0-0: SINGLE (Line Drive, 34) Héctor Moreno scores Salvador Noriega to third Christian Turner to second
|
Batting: RHB Ed St. James
|
0-0: Called Strike 0-1: Foul Ball, location: 2F 0-2: Ball 1-2: Ball 2-2: Ball 3-2: SINGLE (Line Drive, 7LS) Salvador Noriega scores Christian Turner to third Manny Rosário to second Runner from 3rd tries for Home, SAFE, no throw
|
Batting: RHB Gilbert Graham
|
0-0: Ball 1-0: Ground out 6-3 (Groundball, 56D) Manny Rosário to third Ed St. James to second
|
Batting: LHB Sixto Álvarez
|
0-0: Ball 1-0: Ball 2-0: Ball 3-0: Called Strike 3-1: Foul Ball, location: 2F 3-2: Base on Balls
|
Batting: RHB James Pike
|
0-0: Ball 1-0: Fly out, F8 (Flyball, 89XD)
|
Bottom of the 6th over - 6 runs, 4 hits, 1 error, 3 left on base; Sioux Falls 0 - Santa Barbara 8 |
TOP OF THE 7TH |
Sioux Falls Red Pandas batting - Pitching for Santa Barbara Golden Cranes : RHP José Guillén
|
Batting: RHB Willis Kirkendall
|
0-0: Ball 1-0: Ball 2-0: Called Strike 2-1: Swinging Strike 2-2: Ball 3-2: DOUBLE (Flyball, 78D)
|
Batting: SHB Raúl Duarte
|
0-0: Ball 1-0: Foul Ball, location: 2F 1-1: Ball 2-1: Foul Ball, location: 2F 2-2: Ground out 6-3 (Groundball, 6)
|
Batting: RHB Hieu De
|
0-0: Ball 1-0: Swinging Strike 1-1: Swinging Strike 1-2: Strikes out swinging
|
Batting: LHB Fa-tang Wang
|
0-0: Ball 1-0: Foul Ball, location: 2F 1-1: Ball 2-1: Ball 3-1: 2-RUN HOME RUN (Flyball, 9D), Distance : 355 ft
|
Batting: LHB John Brewer
|
0-0: Foul Ball, location: 2F 0-1: Ball 1-1: Called Strike 1-2: Foul Ball, location: 2F 1-2: Foul Ball, location: 2F 1-2: Ball 2-2: Ground out 4-3 (Groundball, 4MS)
|
Top of the 7th over - 2 runs, 2 hits, 0 errors, 0 left on base; Sioux Falls 2 - Santa Barbara 8 |
BOTTOM OF THE 7TH |
Santa Barbara Golden Cranes batting - Pitching for Sioux Falls Red Pandas : LHP Adrian Neumann
|
Batting: LHB Armando Villarreal
|
0-0: Called Strike 0-1: Foul Ball, location: 2F 0-2: Strikes out swinging
|
Batting: RHB Héctor Moreno
|
0-0: Ball 1-0: Called Strike 1-1: Ball 2-1: Swinging Strike 2-2: Foul Ball, location: 2F 2-2: Strikes out looking
|
Batting: RHB Salvador Noriega
|
0-0: Foul Ball, location: 2F 0-1: Foul Ball, location: 2F 0-2: Strikes out swinging
|
Bottom of the 7th over - 0 runs, 0 hits, 0 errors, 0 left on base; Sioux Falls 2 - Santa Barbara 8 |
TOP OF THE 8TH |
Sioux Falls Red Pandas batting - Pitching for Santa Barbara Golden Cranes : RHP José Guillén
|
Pitching: RHP Luis Ramos
|
|
Batting: LHB Magali Lenidas
|
0-0: Called Strike 0-1: Foul Ball, location: 2F 0-2: Ball 1-2: SINGLE (Groundball, 34D)
|
Batting: RHB Rudko Hrnjak
|
0-0: Swinging Strike 0-1: Ball 1-1: Ball 2-1: Swinging Strike 2-2: Foul Ball, location: 2F 2-2: Foul Ball, location: 2F 2-2: Foul Ball, location: 2F 2-2: Ball 3-2: Base on Balls Magali Lenidas to second
|
Batting: RHB Jay Parker
|
0-0: Ball 1-0: Ball 2-0: Grounds into double play, 1-6-3 (Groundball, P) Magali Lenidas to third
|
Batting: RHB Russell Jackson
|
0-0: Ball 1-0: SINGLE (Groundball, 6MD) Magali Lenidas scores
|
Batting: RHB Willis Kirkendall
|
0-0: Called Strike 0-1: Swinging Strike 0-2: Strikes out swinging
|
Top of the 8th over - 1 run, 2 hits, 0 errors, 1 left on base; Sioux Falls 3 - Santa Barbara 8 |
BOTTOM OF THE 8TH |
Santa Barbara Golden Cranes batting - Pitching for Sioux Falls Red Pandas : LHP Adrian Neumann
|
Pitching: RHP Gunner Hardy
|
|
Batting: RHB Christian Turner
|
0-0: SINGLE (Groundball, 4MD)
|
Batting: LHB Manny Rosário
|
0-0: Ball 1-0: Ball 2-0: Swinging Strike 2-1: Foul Ball, location: 2F 2-2: Strikes out swinging
|
Batting: RHB Ed St. James
|
0-0: Ball Christian Turner is caught stealing 2nd base 1-0: Ball 2-0: Swinging Strike 2-1: Foul Ball, location: 2F 2-2: Foul Ball, location: 2F 2-2: Ball 3-2: Foul Ball, location: 2F 3-2: Foul Ball, location: 2F 3-2: SINGLE (Flyball, 7S)
|
Batting: RHB Gilbert Graham
|
0-0: Ball 1-0: Foul Ball, location: 2F 1-1: Foul Ball, location: 2F 1-2: Ball 2-2: Foul Ball, location: 2F 2-2: Ball Wild Pitch! Ed St. James to second 3-2: SINGLE (Flyball, 9LS) Ed St. James to third Ed St. James scores
|
Batting: LHB Sixto Álvarez
|
0-0: Fly out, F6 (Popup, 6)
|
Bottom of the 8th over - 1 run, 3 hits, 0 errors, 1 left on base; Sioux Falls 3 - Santa Barbara 9 |
TOP OF THE 9TH |
Sioux Falls Red Pandas batting - Pitching for Santa Barbara Golden Cranes : RHP Luis Ramos
|
Batting: SHB Raúl Duarte
|
0-0: Ball 1-0: SINGLE (Line Drive, 34D)
|
Batting: RHB Hieu De
|
0-0: Called Strike 0-1: Swinging Strike 0-2: Foul Ball, location: 2F 0-2: Ball 1-2: Foul Ball, location: 2F 1-2: Foul Ball, location: 2F 1-2: Foul Ball, location: 2F 1-2: Ball Wild Pitch! Raúl Duarte to second 2-2: Ball 3-2: Foul Ball, location: 2F 3-2: Fly out, F7 (Flyball, 7S)
|
Batting: LHB Fa-tang Wang
|
0-0: Ball 1-0: Ball 2-0: Swinging Strike 2-1: SINGLE (Groundball, 3D) Raúl Duarte to third
|
Batting: LHB John Brewer
|
0-0: Called Strike 0-1: Called Strike 0-2: Ball 1-2: Strikes out swinging
|
Batting: LHB Magali Lenidas
|
0-0: Called Strike 0-1: Ball 1-1: Ball 2-1: Foul Ball, location: 2F 2-2: DOUBLE (Line Drive, 9D) Raúl Duarte scores Fa-tang Wang to third
|
Batting: RHB Rudko Hrnjak
|
0-0: Ball 1-0: Ball 2-0: Called Strike 2-1: Swinging Strike 2-2: SINGLE (Groundball, 34D) Fa-tang Wang scores Magali Lenidas to third
|
Pitching: RHP Albert Emery
|
|
Batting: RHB Jay Parker
|
0-0: Called Strike 0-1: Fly out, F9 (Line Drive, 89S)
|
Top of the 9th over - 2 runs, 4 hits, 0 errors, 2 left on base; Sioux Falls 5 - Santa Barbara 9 |
|